 Dungeon Crawl Stone Soup version 0.31.0-12-g77e489cdc1 (webtiles) character file.

Game seed: 18068777062989177417

9 Silvore the Trooper (level 2, -1/24 HPs)
             Began as a Demonspawn Fighter on Feb 12, 2024.
             Frozen to death by an endoplasm (2 damage)
             ... on level 2 of the Dungeon.
             The game lasted 00:00:25 (309 turns).

Silvore the Trooper (Demonspawn Fighter)             Turns: 309, Time: 00:00:26

Health: -1/24      AC:  6    Str: 16    XL:     2   Next: 3%
Magic:  2/2        EV:  5    Int:  8    God:
Gold:   24         SH:  4    Dex: 12    Spells: 1/1 levels left

rFire   . . .        a - +0 long sword
rCold   . . .        c - +0 buckler
rNeg    . . .        b - +0 scale mail
rPois   .            (no helmet)
rElec   .            (no cloak)
rCorr   .            (no gloves)
SInv    .            (no boots)
Will    .....        (no amulet) Stlth
                     (no ring)
HPRegen 0.24/turn    (no ring)
MPRegen 0.08/turn

%: no passive effects
@: constricted, studying Ranged Weapons
A: claws 1
a: no special abilities


You were on level 2 of the Dungeon.
You visited 1 branch of the dungeon, and saw 2 of its levels.

You collected 24 gold pieces.

Inventory:

Hand Weapons
 a - a +0 long sword (weapon)
Armour
 b - a +0 scale mail (worn)
 c - a +0 buckler (worn)
Scrolls
 e - a scroll of teleportation {unknown}
 f - 2 scrolls of identify {unknown}
Potions
 d - a potion of might


   Skills:
 + Level 3.1 Fighting
 + Level 1.8 Long Blades
 + Level 2.9 Armour
 + Level 2.9 Shields


You had one spell level left.
You didn't know any spells.
Your spell library contained the following spells:

 Spells                   Type           Power      Damage    Failure   Level
 Static Discharge         Conj/Air       0%         3-3/arc   97%         2
 Airstrike                Air            0%         2d(0-16)  100%        4
 Summon Lightning Spire   Summ/Air       0%         N/A       100%        4


Dungeon Overview and Level Annotations

Branches:
Dungeon (2/15)

Altars:


Innate Abilities, Weirdness & Mutations

You have sharp fingernails.


Message History

The ball python bites you. The ball python constricts you.
The endoplasm barely misses you. The goblin hits you with a +0 dagger.
The ball python bites you but does no damage.
The ball python constricts you. The goblin hits you but does no damage.
The endoplasm hits you but does no damage.
The ball python bites you. The ball python constricts you.
The endoplasm hits you but does no damage.
The goblin hits you with a +0 dagger.
The ball python bites you but does no damage.
The ball python constricts you. The endoplasm freezes you.
You are frozen.
* * * LOW HITPOINT WARNING * * *
The goblin barely misses you.
The ball python bites you but does no damage.
The ball python constricts you.
The ball python bites you but does no damage.
The ball python constricts you. The endoplasm freezes you.
You are frozen.
* * * LOW HITPOINT WARNING * * *
The goblin barely misses you.
The ball python bites you but does no damage.
The ball python constricts you. The endoplasm freezes you.
You are frozen.
* * * LOW HITPOINT WARNING * * *
The goblin hits you with a +0 dagger.
* * * LOW HITPOINT WARNING * * *
Unknown command.
The ball python bites you but does no damage.
The ball python constricts you.
* * * LOW HITPOINT WARNING * * *
The goblin hits you but does no damage.
The endoplasm hits you but does no damage.
The ball python bites you but does no damage.
The ball python constricts you. The endoplasm freezes you.
You are frozen.
You die...

... ## ... # ≈≈≈
#.# ###. # #..
#...... .
#..###$##.# .#
#.........##.#
#...S......# ###
# #...@J........<
..
#....g..####.##.#
#.......##.....
#.......##.#.#
#######..†...#
####.### #.# #.#
#.#


You could see an endoplasm, a goblin and a ball python.

Vanquished Creatures
  A ball python (D:1)
  An endoplasm (D:1)
  A goblin (D:1)
  A hobgoblin (D:1)
  A kobold (D:1)
  A bat (D:2)
  A frilled lizard (D:1)
  A rat (D:1)
8 creatures vanquished.

Notes
Turn   | Place    | Note
-------+----------+-------------------------------------------
     0 | D:1      | Silvore the Demonspawn Fighter began the quest for the Orb.
     0 | D:1      | Reached XP level 1. HP: 18/18 MP: 1/1
   245 | D:1      | Gained mutation: You have sharp fingernails. [demonic
                  | ancestry]
   245 | D:1      | Reached XP level 2. HP: 24/24 MP: 2/2
   308 | D:2      | HP: 1/24 [constriction (1)]
   309 | D:2      | Frozen to death by an endoplasm

Illustrated notes

Levels and vault maps discovered:
D:1:      nicolae_arrival_washed_ashore, layout_loops_ring, st_stairs_13,
          hangedman_decor_diamond_cutter, kennysheep_boxes
D:2:      layout_loops_cross, minivault_26, kennysheep_donut,
          minmay_fountain_box, chequers_serial_rivers_micro_b,
          grunt_decor_one_mirror, minmay_tromino_v4_a

Action                     || total
---------------------------++-------
  Melee: Long sword        ||    17
 Armour: Scale mail        ||    51
  Dodge: Dodged            ||    22
  Block: Buckler           ||    15
